AoeStats
← DerdonOhneKlarnamen

Arena

509859297Analyzed
2v2 RM · 4d ago on Sep 28, 2026· 51m 8s· 4 players
Game mode
Random Map
Map size
Medium (4 player)
Population
200
Speed
Normal
Resources
Standard
Victory
Conquest
Starting age
Dark Age
Ending age
Imperial Age
RankedLock teamsTeams togetherTeam positionsShared explorationLock speedFull tech treeHidden civsTurbo modeCheats
Victory
Defeat
🇩🇪 Britons · Germany
499
+19
🇩🇪 Turks · Germany
492
+19
🇮🇳 Portuguese · India
595
-20
🇨🇱 Mapuche · Chile
529
-18
DerdonOhneKlarnamen
10:18 Feudal Age
11:35 Wheelbarrow
10:48 Double-Bit Axe
10:57 Gold Mining
11:42 Stone Mining
15:16 Horse Collar
21:57 Castle Age
21:39 Fletching
21:51 Padded Archer Armor
22:55 Hand Cart
23:15 Bow Saw
23:20 Heavy Plow
24:19 Gold Shaft Mining
23:54 Caravan
26:49 Sanctity
31:10 Imperial Age
29:47 Ballistics
30:43 Bodkin Arrow
31:05 Leather Archer Armor
38:23 Ring Archer Armor
42:46 Bracer
47:26 Elite Janissary
Келлог
12:07 Feudal Age
12:40 Horse Collar
12:49 Double-Bit Axe
18:17 Loom
22:47 Castle Age
21:26 Stone Mining
21:27 Gold Mining
22:08 Fletching
22:19 Padded Archer Armor
24:21 Gold Shaft Mining
24:02 Bow Saw
24:03 Heavy Plow
26:16 Wheelbarrow
25:41 Bodkin Arrow
26:07 Leather Archer Armor
26:16 Ballistics
26:59 Caravan
28:08 Yeomen
29:13 Coinage
32:59 Hand Cart
35:44 Imperial Age
38:14 Chemistry
37:16 Bracer
37:47 Ring Archer Armor
39:02 Two-Man Saw
42:24 Elite Longbowman
43:45 Elite Longbowman
48:15 Masonry
FlatLlama112580
1:21 Loom
11:11 Feudal Age
16:47 Horse Collar
16:57 Double-Bit Axe
21:28 Castle Age
26:40 Caravan
27:11 Coinage
28:29 Stone Mining
28:30 Gold Mining
30:13 Wheelbarrow
29:25 Town Watch
34:44 Imperial Age
33:30 Town Patrol
33:43 Scale Barding Armor
34:54 Hand Cart
35:05 Chain Barding Armor
36:43 Chemistry
37:13 Banking
36:54 Guilds
37:28 Bow Saw
39:52 Stone Shaft Mining
41:29 Two-Man Saw
41:01 Elite Organ Gun
47:40 Plate Barding Armor
46:41 Cavalier
47:26 Husbandry
Franco Joao G
0:44 Loom
13:28 Feudal Age
20:37 Castle Age
19:21 Stone Mining
23:09 Gold Mining
24:14 Arson
25:21 Gold Shaft Mining
25:44 Pikeman
33:29 Imperial Age
33:44 Halberdier
34:17 Double-Bit Axe
35:22 Bow Saw
35:34 Elite Skirmisher
41:16 Scale Mail Armor
41:27 Forging
41:18 Padded Archer Armor
Connection lost

Rejoining the realm…

Still unreachable

The connection could not be restored.

Session expired

The server has moved on; the page needs a fresh start.